 Dungeon Crawl Stone Soup version 0.16-a0-113-gc8d9654 (webtiles) character file.

114 PolkaDot the Vexing (level 4, 0/30 HPs)
             Began as a Vampire Enchanter on Aug 11, 2014.
             Slain by a gnoll
             ... wielding a +0 spear
              (6 damage)
             ... on Level 2 of the Dungeon.
             The game lasted 00:05:13 (2829 turns).

PolkaDot the Vexing (Vampire Enchanter)             Turns: 2829, Time: 00:05:13

HP   0/30        AC  3     Str 12      XL: 4   Next: 67%
MP   0/7         EV 12     Int 18      God:
Gold 98          SH  0     Dex 14      Spells:  3 memorised,  1 level left

rFire  + . .     SeeInvis +     a - +1 dagger
rCold  + + .     Clarity  .     b - +1 robe
rNeg   + + +     rCorr    .     (no shield)
rPois  +         rRot     +     (no helmet)
rElec  .         Spirit   .     (no cloak)
SustAb .         Warding  .     (no gloves)
rMut   .         Stasis   .     (no boots)
Gourm  .                        (no amulet)
MR     .....                    (no ring)
                                g - ring of protection from fire

@: mighty, bloodless, non-regenerating, not resistant to hostile enchantments,
stealthy
A: fangs 3, see invisible, sense surroundings 1, unbreathing
a: Bat Form


You were on level 2 of the Dungeon.
You were bloodless.

You visited 1 branch of the dungeon, and saw 2 of its levels.

You collected 98 gold pieces.

Inventory:

Hand weapons
 a - a +1 dagger (weapon)
Armour
 b - a +1 robe (worn)
Scrolls
 f - a scroll of teleportation {unknown}
 h - a scroll of enchant weapon {unknown}
 i - 3 scrolls of blinking
 j - a scroll of identify {unknown}
Jewellery
 g - a ring of protection from fire (left hand)
Books
 c - a book of Maledictions

   Spells                             Type                      Level
   *Corona                            Hexes                        1
   Sure Blade                         Hexes/Charms                 2
   *Ensorcelled Hibernation           Hexes/Ice                    2
   *Confuse                           Hexes                        3
   Dazzling Spray                     Conjuration/Hexes            3
   Enslavement                        Hexes                        4


   Skills:
 + Level 3.1 Short Blades
 - Level 2.1 Dodging
 + Level 5.3 Stealth
 - Level 2.0 Spellcasting
 * Level 5.9 Hexes
 - Level 1.1 Ice Magic


You had one spell level left.
You knew the following spells:

 Your Spells              Type           Power        Failure   Level  Hunger
a - Corona                Hex            ###....      1%          1    #......
c - Confuse               Hex            ###.....     6%          3    ####...
d - Ensorcelled Hibernat  Hex/Ice        ##....       8%          2    ##.....


Dungeon Overview and Level Annotations

Branches:
Dungeon (2/15)

Altars:


Innate Abilities, Weirdness & Mutations

You do not heal naturally.
You have razor-sharp teeth.
You have supernaturally acute eyesight.
You can survive without breathing.
You passively map a small area around you.


Message History

* * * LOW MAGIC WARNING * * *
You barely miss the gnoll.
The gnoll misses the gnoll.
Your magical contamination has completely faded away.
You slash the gnoll!
The gnoll is heavily wounded.
The gnoll hits you from afar with a spear.
* * * LOW HITPOINT WARNING * * *
You hit the gnoll.
The gnoll is almost dead.
The gnoll barely misses you.
You puncture the gnoll!
You kill the gnoll!
The gnoll barely misses you. The gnoll hits you with a spear.
* * * LOW HITPOINT WARNING * * *
You see here a spear.
You hit the gnoll. You bite the gnoll, but do no damage.
The gnoll is heavily wounded.
The gnoll hits you with a spear.
You die...

#.#.# #.)# #.#.# #.#.
#.#.# #.)# #.#.# #.#.
#.#.# #..# #.#.# #.#.
#.#.###..# #.#)# #.#.
#.#......######.#.# #.#.
#.####..........#.# #.#.
#######.# #.#.######.#.#
#.#.
........####.#.########.#
#.#.
.............#..@g......#
#.##
#########################
#... ####


You could see a gnoll.

Vanquished Creatures
  5 gnolls
  2 adders (D:2)
  A giant mite (D:2)
  2 giant geckos (D:2)
  3 goblins
  2 hobgoblins (D:2)
  10 jackals
  A quokka (D:2)
  3 bats
  2 giant cockroaches
  7 giant newts
  7 rats
45 creatures vanquished.

Notes
Turn   | Place    | Note
--------------------------------------------------------------
     0 | D:1      | PolkaDot, the Vampire Enchanter, began the quest for the Orb.
     0 | D:1      | Reached XP level 1. HP: 13/13 MP: 3/3
   248 | D:1      | Reached XP level 2. HP: 17/19 MP: 4/4
   252 | D:1      | Learned a level 2 spell: Ensorcelled Hibernation
   623 | D:1      | Reached skill level 1 in Ice Magic
  1085 | D:1      | Gained mutation: You passively map a small area around you. [potion of beneficial mutation]
  1127 | D:1      | Reached XP level 3. HP: 12/24 MP: 0/6
  1274 | D:1      | Reached skill level 5 in Hexes
  1980 | D:2      | Reached XP level 4. HP: 28/30 MP: 7/7
  1990 | D:2      | Reached skill level 5 in Stealth
  2068 | D:2      | Learned a level 3 spell: Confuse
  2829 | D:2      | Slain by a gnoll

Action                   |  1- 3 |  4- 6 || total
-------------------------+-------+-------++-------
Melee: Dagger            |    87 |    37 ||   124
 Cast: Ensorcelled Hiber |    13 |     8 ||    21
       Corona            |     1 |       ||     1
       Confuse           |       |     1 ||     1
  Use: Potion            |     1 |     3 ||     4
       Scroll            |     1 |       ||     1
 Stab: Sleeping          |    17 |     9 ||    26
